 Dungeon Crawl Stone Soup version 0.24.0 (webtiles) character file.

Game seed: 5134819849048870822, levelgen mode: deterministic

197 Buxparty the Covered (level 5, -1/33 HPs)
             Began as a Gargoyle Fighter on Feb 16, 2020.
             Killed by nerve-wracking pain
             ... invoked by Grinder
              (7 damage)
             ... on level 4 of the Dungeon.
             The game lasted 00:06:35 (3042 turns).

Buxparty the Covered (Gargoyle Fighter)             Turns: 3042, Time: 00:06:36

Health: -1/33      AC: 12    Str: 20    XL:     5   Next: 75%
Magic:  5/5        EV:  7    Int:  9    God:
Gold:   140        SH:  9    Dex:  9    Spells: 4/4 levels left

rFire    . . .     SeeInvis .   a - +0 trident
rCold    . . .     Gourm    .   c - +0 shield
rNeg     + . .     Faith    .   b - +0 scale mail
rPois    ∞         Spirit   .   (no helmet)
rElec    +         Reflect  .   (no cloak)
rCorr    .         Harm     .   r - +0 pair of gloves
MR       .....                  (no boots)
Stlth    ..........             (no amulet)
HPRegen  0.11/turn              (no ring)
MPRegen  0.09/turn              (no ring)

@: no status effects
A: negative energy resistance 1, electricity resistance, unbreathing,
petrification resistance, rot immunity, AC +4
a: no special abilities


You were on level 4 of the Dungeon.
You were completely stuffed.

You visited 1 branch of the dungeon, and saw 4 of its levels.

You collected 140 gold pieces.

Inventory:

Hand Weapons
 a - a +0 trident (weapon)
Armour
 b - a +0 scale mail (worn)
 c - a +0 shield (worn)
 r - a +0 pair of gloves (worn)
Scrolls
 e - a scroll of blinking {unknown}
 i - 4 scrolls of fear {unknown}
 j - a scroll of fog {unknown}
 k - 2 scrolls of amnesia {unknown}
 l - 4 scrolls of remove curse {unknown}
 m - 2 scrolls of teleportation {unknown}
 p - a scroll of identify {unknown}
Potions
 d - a potion of might
 g - a potion of agility {unknown}
 h - a potion of haste {unknown}
 n - a potion of curing {unknown}
 o - a potion of lignification {unknown}
 q - 3 potions of flight {unknown}


   Skills:
 + Level 4.1 Fighting
 * Level 3.5 Polearms
 + Level 4.2 Armour
 + Level 4.2 Shields


You had 4 spell levels left.
You didn't know any spells.
Your spell library was empty.

Dungeon Overview and Level Annotations

Branches:
Dungeon (4/15)
 Temple: D:4-7

Altars:
Dithmenos

Shops:
D:4 =

Annotations:
D:4 Grinder


Innate Abilities, Weirdness & Mutations

You are resistant to torment.
Your stone body is resilient. (AC +4)
You are immune to poison.
You resist negative energy. (rN+)
You are resistant to electric shocks. (rElec)
You can survive without breathing.
You are immune to petrification.
You are immune to rotting.


Message History

* * * LOW HITPOINT WARNING * * *
Grinder hits you but does no damage.
Grinder blinks!
You can move again.
Grinder says, "Just stop there for a second..."
You barely miss Grinder.
Grinder is heavily wounded.
Grinder zaps a wand.
The puff of flame hits you.
* * * LOW HITPOINT WARNING * * *
You hit Grinder.
Grinder is heavily wounded.
Grinder hits you but does no damage.
Throwing (i - inventory)
t - a curare-tipped dart (quivered)
Press: ? - help, Shift-Dir - straight line, f/p - Grinder
Aim: Grinder, carrying a wand of flame (2) (heavily wounded)
You throw a curare-tipped dart. The curare-tipped dart hits Grinder.
Grinder is heavily wounded.
Grinder gestures at you. Pain shoots through your body!
You die...

##### #...######
....# #..... ..#
....# #...#
#.##.....
#####<.####.#.$$$..
#.....÷##.....$∩$..
#.............$$$>.
#..................
#.....@............
#.....5............
######..(..........
#.............
######.#...........
##......##(.........
.........####.......
....................
.........##........


You could see Grinder.

Vanquished Creatures
  An orc wizard (D:3)
  2 worker ants
  Robin (D:3)
  2 adders (D:2)
  A dart slug (D:2)
  A worm (D:2)
  3 leopard geckos
  3 orcs (D:3)
  6 bats
  A giant cockroach (D:3)
  14 goblins
  13 hobgoblins
  9 jackals
  8 kobolds
  3 ball pythons
  5 frilled lizards
  5 rats
78 creatures vanquished.

Notes
Turn   | Place    | Note
-------+----------+-------------------------------------------
     0 | D:1      | Buxparty the Gargoyle Fighter began the quest for the Orb.
     0 | D:1      | Reached XP level 1. HP: 14/14 MP: 1/1
   205 | D:1      | Reached XP level 2. HP: 18/19 MP: 2/2
   770 | D:2      | Reached XP level 3. HP: 22/23 MP: 3/3
  1163 | D:2      | Reached XP level 4. HP: 29/29 MP: 4/4
  1586 | D:3      | Found a shadowy altar of Dithmenos.
  1709 | D:3      | Noticed Robin
  2039 | D:3      | Killed Robin
  2209 | D:3      | Reached XP level 5. HP: 6/33 MP: 5/5
  2721 | D:4      | Found Cuceasch's Jewellery Shoppe.
  2722 | D:4      | Noticed Grinder
  2724 | D:4      | Paralysed by Grinder for 4 turns
  2746 | D:4      | Paralysed by Grinder for 2 turns
  2753 | D:4      | Paralysed by Grinder for 7 turns
  2762 | D:4      | Paralysed by Grinder for 7 turns
  3034 | D:4      | Paralysed by Grinder for 5 turns
  3042 | D:4      | Killed from afar by Grinder

Levels and vault maps discovered:
D:1:      dpeg_arrival_erosion, layout_rooms, feat_on_display
D:2:      layout_loops_ring
D:3:      layout_loops_ring, overflow_temple_1_default, serial_forest,
          infiniplex_forest_lined_2, infiniplex_forest_end_1,
          infiniplex_forest_fountain, infiniplex_forest_diagonal,
          infiniplex_forest_corner_1, infiniplex_forest_clump_long, uniq_robin
D:4:      layout_rooms, serial_shops, shop_coins, uniq_grinder
